 Dungeon Crawl Stone Soup version 0.17-a0-1632-g0af21bd (webtiles) character file.

345 urechis the Ruffian (level 6, 0/62 HPs)
             Began as a Troll Monk on Aug 3, 2015.
             Slain by Pikel
             ... wielding a +1 whip of flaming
              (6 damage)
             ... on level 4 of the Dungeon.
             The game lasted 00:04:26 (3404 turns).

urechis the Ruffian (Troll Monk)                    Turns: 3404, Time: 00:04:26

Health: 0/62       AC:  5    Str: 20    XL:     6   Next: 32%
Magic:  5/5        EV: 11    Int:  6    God:
Gold:   256        SH:  0    Dex: 19    Spells: 0 memorised, 5 levels left

rFire  . . .     SeeInvis .       - Unarmed
rCold  . . .     Clarity  +     a - +0 robe
rNeg   . . .     SustAt   .     (no shield)
rPois  .         Gourm    +     (helmet restricted)
rElec  .         Spirit   .     (no cloak)
rCorr  .         Warding  .     (gloves unavailable)
rMut   .         Stasis   .     (boots unavailable)
MR     .....                    o - amulet of clarity
Stlth  ++........               s - ring of flight
                                p - +5 ring of dexterity

@: not resistant to hostile enchantments, unstealthy
A: unfitting armour, claws 3, fast metabolism 3, gourmand, regeneration 2,
shaggy fur 1, tough skin 2
a: Evoke Flight


You were on level 4 of the Dungeon.
You were very full.

You visited 1 branch of the dungeon, and saw 4 of its levels.

You collected 256 gold pieces.

Inventory:

Missiles
 i - 4 large rocks (quivered)
 l - a throwing net
Armour
 a - a +0 robe (worn)
Jewellery
 o - an amulet of clarity (around neck)
 p - a +5 ring of dexterity (left claw)
 s - a ring of flight (right claw)
Scrolls
 c - 2 scrolls of recharging {unknown}
 d - a scroll of identify {unknown}
 f - 4 scrolls of remove curse
 h - 4 scrolls of noise {unknown}
 k - 2 scrolls of teleportation {unknown}
 q - a scroll of random uselessness {unknown}
Potions
 e - a potion of curing
 g - 2 potions of lignification {unknown}
 j - a potion of cancellation {unknown}
 m - 2 potions of mutation {unknown}
 n - 2 potions of flight {unknown}
 t - a potion of poison {unknown}
Comestibles
 b - 3 bread rations
 r - a beef jerky


   Skills:
 + Level 4.0 Fighting
 - Level 2.4 Dodging
 - Level 1.1 Stealth
 * Level 6.6 Unarmed Combat


You had 5 spell levels left.
You didn't know any spells.

Dungeon Overview and Level Annotations

Branches:
Dungeon (4/15)
 Temple: D:4-7

Altars:
Kikubaaqudgha

Annotations:
D:4 Pikel


Innate Abilities, Weirdness & Mutations

You are too large for most types of armour.
You have claws for hands.
Your metabolism is lightning-fast.
You like to eat raw meat.
You heal very quickly.
You are covered in fur (AC +1).
You have very tough skin (AC +2).


Message History

Pikel hits you but does no damage. The slave hits you! The slave hits you.
The slave hits you!
You scratch Pikel.
Pikel is severely wounded.
Pikel hits you with a whip of flaming. Pikel burns you. The slave hits you!
* * * LOW HITPOINT WARNING * * *
The slave hits you.
* * * LOW HITPOINT WARNING * * *
The slave hits you.
* * * LOW HITPOINT WARNING * * *
You claw Pikel!
Pikel is almost dead.
Pikel closely misses you. The slave closely misses you.
The slave closely misses you. The slave barely misses you.
You completely miss Pikel.
Pikel is almost dead.
The slave hits you.
* * * LOW HITPOINT WARNING * * *
Pikel hits you with a whip of flaming.
You die...

#. ##. ..## #...
##### #... ## .....
#...###.# ...(.
#..Kp#.# ......
#.pp@p# ... ####
######.## .#
#.......#####..##
#.####..##......#
###..##.##...##
#...............###
#?.#.......#.##....
#.#♣..P..♣.#.##.###
...P..P≈.....P....[.


You could see Pikel and 4 slaves.

Vanquished Creatures
  A hound (D:4)
  2 orc priests (D:3)
  An orc wizard (D:4)
  An iguana (D:4)
  Robin (D:4)
  11 adders
  2 worms (D:2)
  9 orcs
  3 bats
  17 goblins
  10 hobgoblins
  9 jackals
  2 quokkas
  A giant cockroach (D:2)
  A giant gecko (D:3)
  4 giant newts
  14 kobolds
  A quokka skeleton (D:4)
  7 rats
97 creatures vanquished.

Notes
Turn   | Place    | Note
--------------------------------------------------------------
     0 | D:1      | urechis the Troll Monk began the quest for the Orb.
     0 | D:1      | Reached XP level 1. HP: 22/22 MP: 0/0
    86 | D:1      | You fall through a shaft!
   124 | D:2      | Reached XP level 2. HP: 26/29 MP: 1/1
  1034 | D:2      | Reached XP level 3. HP: 21/36 MP: 2/2
  1322 | D:2      | Reached skill level 5 in Unarmed Combat
  1322 | D:2      | Reached XP level 4. HP: 43/45 MP: 3/3
  1961 | D:3      | Reached XP level 5. HP: 37/53 MP: 4/4
  2008 | D:3      | Found an ancient bone altar of Kikubaaqudgha.
  2562 | D:3      | Reached skill level 6 in Unarmed Combat
  3094 | D:4      | Reached XP level 6. HP: 51/62 MP: 5/5
  3140 | D:4      | Noticed Robin
  3198 | D:4      | Killed Robin
  3390 | D:4      | Noticed a slave
  3393 | D:4      | Noticed Pikel
  3393 | D:4      | Noticed a slave
  3393 | D:4      | Noticed a slave
  3394 | D:4      | Noticed a slave
  3404 | D:4      | Slain by Pikel

Vault maps used:
D:1:      scummos_arrival_gate, roderic_lattice_a, minmay_door_square
D:2:      first_bread, minivault_24, nrook_mini_vaults, hangedman_decor_opposing
D:3:      overflow_temple_1_default
D:4:      black_bear_nest_1, minmay_temple_entry_poolview, serial_bayou_pond_a,
          uniq_blork_the_orc, uniq_crazy_yiuf_cottage, uniq_pikel, uniq_robin

Action                   |  1- 3 |  4- 6 || total
-------------------------+-------+-------++-------
Melee: Unarmed           |    85 |   179 ||   264
  Use: Potion            |     1 |       ||     1
       Scroll            |       |     1 ||     1
 Stab: Sleeping          |     3 |     5 ||     8
       Distracted        |       |     1 ||     1
  Eat: Chunk             |     4 |    24 ||    28
       Bread ration      |     1 |       ||     1
       Royal jelly       |     1 |       ||     1
